 Dungeon Crawl Stone Soup version 0.27-a0-1200-g94dc6ad4cf (webtiles) character file.

Game seed: 8325415868524605032

15348 pokeman the Eclecticist (level 12, -35/66 HPs)
             Began as a Deep Elf Hedge Wizard on June 1, 2021.
             Was an Elder of Vehumet.
             Killed from afar by a green death (43 damage)
             ... with a poison arrow
             ... in a Gauntlet.
             The game lasted 00:53:21 (16474 turns).

pokeman the Eclecticist (Deep Elf Hedge Wizard)    Turns: 16474, Time: 00:53:21

Health: -35/66     AC: 15    Str:  7    XL:     12   Next: 0%
Magic:  22/33      EV: 13    Int: 25    God:    Vehumet [****..]
Gold:   1117       SH:  5    Dex: 14    Spells: 17/42 levels left

rFire    + . .     SeeInvis .   f - +0 dagger (venom)
rCold    . . .     Faith    +   p - +0 buckler
rNeg     . . .     Spirit   .   F - +0 steam dragon scales
rPois    .         Reflect  .   x - +0 helmet
rElec    .         Harm     .   a - +0 cloak
rCorr    .         Rampage  .   X - +1 pair of gloves {archery}
Will     +....     NoTele   +   d - +0 pair of boots
Stlth    ++........             D - amulet of faith
HPRegen  0.21/turn              G - ring of protection from fire
MPRegen  0.23/turn              V - +4 ring of protection

@: lethally poisoned (-35 -> -53)
A: no striking features
a: Renounce Religion


You were in a Gauntlet.
You worshipped Vehumet.
Vehumet was greatly pleased with you.
You visited 2 branches of the dungeon, and saw 13 of its levels.
You also visited: Bailey and Gauntlet.

You collected 1335 gold pieces.
You spent 218 gold pieces at shops.

Inventory:

Hand Weapons
 f - a +0 dagger of venom (weapon)
 v - a +1 shortbow of freezing
 A - a +0 shortbow
 B - the +1 hunting sling of the Key {venom, rC- rCorr Str-4 Dex+8}
   (You took it off an orc on level 5 of the Dungeon)

   It poisons the ammo it fires.
   It affects your strength (-4).
   It affects your dexterity (+8).
   It makes you vulnerable to cold.
   It protects you from acid and corrosion.
 C - a +0 hand crossbow
Missiles
 j - 103 bolts
 k - 181 arrows
 N - a curare-tipped dart
Armour
 a - a +0 cloak (worn)
 d - a +0 pair of boots (worn)
 p - a +0 buckler (worn)
 x - a +0 helmet (worn)
 y - a scarf of shadows
 F - +0 steam dragon scales (worn)
 L - the +5 ring mail of Fun and Games {Dex+4}
   (You found it in a bailey)

   It affects your dexterity (+4).
 X - a +1 pair of gloves of archery (worn)
Jewellery
 D - an amulet of faith (around neck)
 G - a ring of protection from fire (left hand)
 J - an amulet of regeneration
 V - a +4 ring of protection (right hand)
Wands
 b - a wand of mindburst (10)
 I - a wand of iceblast (4)
 M - a wand of flame (15)
 Q - a wand of digging (9)
Scrolls
 i - 6 scrolls of teleportation
 l - a scroll of magic mapping
 m - 4 scrolls of noise {unknown}
 o - 16 scrolls of identify
 q - 7 scrolls of fear {unknown}
 r - a scroll of holy word {unknown}
 t - 2 scrolls of amnesia {unknown}
 u - a scroll of enchant armour {unknown}
 w - 2 scrolls of brand weapon {unknown}
 E - a scroll of acquirement {unknown}
 K - 3 scrolls of immolation {unknown}
 O - 2 scrolls of enchant weapon {unknown}
 R - a scroll of torment {unknown}
 T - a scroll of vulnerability {unknown}
 U - a scroll of blinking
 W - a scroll of fog {unknown}
Potions
 c - a potion of resistance
 e - 4 potions of curing
 g - 2 potions of ambrosia {unknown}
 h - a potion of mutation {unknown}
 n - 6 potions of flight
 s - a potion of might {unknown}
 z - 2 potions of lignification {unknown}
 H - 2 potions of magic {unknown}
 P - 2 potions of degeneration {unknown}
 S - a potion of brilliance {unknown}


   Skills:
 - Level 4.0 Fighting
 + Level 3.4 Armour
 - Level 3.0 Dodging
 - Level 3.0 Stealth
 - Level 4.0 Shields
 * Level 15.8 Spellcasting
 + Level 9.7 Conjurations
 - Level 1.1 Summonings
 - Level 1.1 Translocations
 + Level 9.0 Fire Magic
 - Level 1.0 Air Magic
 - Level 2.0 Poison Magic
 - Level 2.0 Evocations


You had 17 spell levels left.
You knew the following spells:

 Your Spells              Type           Power      Damage    Failure   Level
a - Magic Dart            Conj           100%       1d8       1%          1
b - Mephitic Cloud        Conj/Pois/Air  41%        N/A       1%          3
c - Call Imp              Summ           25%        N/A       2%          2
d - Blink                 Tloc           N/A        N/A       2%          2
e - Conjure Flame         Conj/Fire      61%        6-21      1%          3
f - Foxfire               Conj/Fire      100%       2x1d9     1%          1
g - Fireball              Conj/Fire      30%        3d13      1%          5
h - Apportation           Tloc           50%        N/A       1%          1
i - Orb of Destruction    Conj           31%        9d12      11%         7

Your spell library contained the following spells:

 Spells                   Type           Power      Damage    Failure   Level
 Animate Skeleton         Necr           38%        N/A       2%          1
 Pain                     Necr           76%        1d7       2%          1
 Slow                     Hex            19%        N/A       4%          2
 Lesser Beckoning         Tloc           12%        N/A       5%          3
 Tukima's Dance           Hex            19%        N/A       9%          3
 Vampiric Draining        Necr           9%         2d7       9%          3
 Animate Dead             Necr           9%         N/A       26%         4
 Alistair's Intoxication  Tmut/Pois      16%        N/A       45%         5
 Agony                    Necr           19%        N/A       58%         5
 Invisibility             Hex            19%        N/A       99%         6


Dungeon Overview and Level Annotations

Branches:
Dungeon (12/15)            Temple (1/1) D:4            Lair (0/6) D:11
    Orc (0/2) D:10         Bailey (visited)         Gauntlet (1/1)

Altars:
Ashenzari
Elyvilon
Hepliaklqana
Kikubaaqudgha
Nemelex Xobeh
Ru
Sif Muna
Uskayaw
Vehumet
Wu Jian
Xom
Yredelemnul
The Shining One
Beogh

Shops:
D:1 ?   D:11 ?

Annotations:
Gauntlet 5 runed translucent doors, 7 transporters


Message History

You feel very sick. The green death gestures at you.
The blast of poison engulfs you!
You are more poisoned.
Unknown command.
You are engulfed in poison gas.
You are more poisoned.
You feel extremely sick.
Really walk into that dispersal trap?
You enter a dispersal trap!
You blink.
You are engulfed in poison gas.
You are more poisoned.
* * * LOW HITPOINT WARNING * * *
You feel extremely sick.
You are engulfed in poison gas.
You are more poisoned.
* * * LOW HITPOINT WARNING * * *
x2 You feel extremely sick.
The flying skull gives a hideous shriek!
You hear a hideous shriek! x2
Unknown command.
Really walk into that net trap?
Okay, then.
You feel better.
Casting: Fireball (dangerous; 1% risk of failure)
Confirm with . or Enter, or press ? or * to list all spells.
You blink.
Okay, then.
Unknown command.
Unknown command.
Casting: Blink (safe; 2% risk of failure)
Confirm with . or Enter, or press ? or * to list all spells.
Aiming: Fireball (dangerous; 1% risk of failure)
Press: ? - help, Shift-Dir - straight line, f/p - green death
Aim: a green death (moderately wounded)
The fireball explodes!
The fireball engulfs the green death!!
The green death is heavily wounded.
The green death gestures at you. The poison arrow hits you!!!
You are lethally poisoned!
Ouch! That really hurt!
You die...

############################
≈#≈#≈#≈#≈#≈#§#≈#§#≈#≈#§#≈#≈##
..§...............§§.§......##
§...........................≈#
..###########..###########..##
..#.##...##.#..#@.^......#§§§#
..###.###...#..#.#.#.#.#.#..##
..#...#..##.#..#..#.#○#..#..≈#
#####...###.####.#.#.#^#(#.§##
©©###.##...©#©©#..#2©.#.©#..≈#
###...##.##.####.#.#.#^#"#..## .
..###.©[.##.#..#..#.#§#.!#..§# ..
..###†##....#..#^#.#°#^#.#..###..
..#...##.##.#..#^......^^#..#....


You could see a green death.

Vanquished Creatures
  2 hydras
  2 two-headed ogres
  The ghost of bilbop the Covered, a novice MiFi of Okawaru (D:5)
  An ice statue (Gauntlet)
  Maggie (D:10)
  2 rime drakes (Gauntlet)
  A kobold demonologist (D:11)
  A troll (D:9)
  10 hornets (D:10)
  A raiju (Gauntlet)
  2 wyverns
  13 yaks
  2 steam dragons
  4 vampire mosquitoes (D:12)
  Grum (D:10)
  3 basilisks (D:11)
  A warg (D:10)
  An acid dragon (D:10)
  6 water moccasins
  13 orc warriors
  3 black bears
  An ice beast (D:6)
  A sky beast (D:7)
  An ogre (D:4)
  3 wolves (D:10)
  3 centaurs
  2 kobold brigands
  2 bullfrogs (D:7)
  3 scorpions
  A gnoll sergeant (D:7)
  A water moccasin skeleton (D:5)
  14 killer bees
  5 wights (D:9)
  5 howler monkeys
  3 hounds
  3 jellies
  9 orc priests
  2 bullfrog skeletons (D:5)
  A centaur skeleton (D:4)
  An iguana (D:6)
  Ijyb (D:3)
  7 orc wizards
  2 killer bee zombies
  Robin (D:4)
  A mummy (D:4)
  A hound skeleton (D:4)
  A howler monkey zombie (D:5)
  11 gnolls
  7 adders
  7 worms
  3 dart slugs
  41 orcs
  6 ball pythons
  2 bats (D:2)
  10 endoplasms
  4 giant cockroaches
  17 goblins
  11 hobgoblins
  10 jackals
  6 quokkas
  4 frilled lizards
  A hobgoblin zombie (D:4)
  23 kobolds
  A kobold zombie (D:4)
  2 orc zombies (D:4)
  6 rats
  A foxfire (Bailey)
319 creatures vanquished.

Vanquished Creatures (collateral kills)
  A water moccasin (D:8)
  A killer bee (D:11)
  A centaur zombie (D:7)
  An orc (D:5)
4 creatures vanquished.

Vanquished Creatures (others)
  A human (D:4)
  A killer bee (D:10)
  An orc (D:7)
  463 foxfires
  A fungus (D:11)
  12 plants
479 creatures vanquished.

Grand Total: 802 creatures vanquished

Notes
Turn   | Place    | Note
-------+----------+-------------------------------------------
     0 | D:1      | pokeman the Deep Elf Hedge Wizard began the quest for the
                  | Orb.
     0 | D:1      | Reached XP level 1. HP: 10/10 MP: 7/7
   301 | D:1      | Found a faded altar of an unknown god.
   373 | D:1      | Reached XP level 2. HP: 16/16 MP: 7/9
   536 | D:1      | Reached skill level 5 in Spellcasting
   536 | D:1      | Reached XP level 3. HP: 20/20 MP: 6/11
   540 | D:1      | Learned a level 3 spell: Mephitic Cloud
   543 | D:1      | Learned a level 2 spell: Call Imp
   546 | D:1      | Learned a level 2 spell: Blink
   550 | D:1      | Learned a level 3 spell: Conjure Flame
  1097 | D:1      | Reached skill level 1 in Armour
  1155 | D:1      | Reached skill level 1 in Fighting
  1258 | D:1      | Found Gut Use's Magic Scroll Boutique.
  1266 | D:1      | Bought a scroll of teleportation for 36 gold pieces
  1729 | D:2      | Reached XP level 4. HP: 25/25 MP: 7/13
  2700 | D:3      | Reached skill level 1 in Fire Magic
  2707 | D:3      | Reached skill level 6 in Spellcasting
  2720 | D:3      | Reached XP level 5. HP: 23/29 MP: 8/15
  2941 | D:3      | Noticed Ijyb
  2962 | D:3      | Killed Ijyb
  3091 | D:3      | Reached skill level 1 in Air Magic
  3758 | D:3      | Found a hide-covered altar of Uskayaw.
  4089 | D:4      | Found a staircase to the Ecumenical Temple.
  4100 | Temple   | Entered the Ecumenical Temple
  4123 | Temple   | Became a worshipper of Vehumet
  4150 | D:4      | Reached XP level 6. HP: 30/34 MP: 14/17
  4164 | D:4      | Reached skill level 7 in Spellcasting
  4164 | D:4      | Reached skill level 1 in Poison Magic
  4164 | D:4      | Reached skill level 1 in Evocations
  4843 | D:4      | Reached XP level 7. HP: 38/38 MP: 17/20
  5253 | D:4      | Noticed Robin
  5272 | D:4      | Killed Robin
  5365 | D:4      | Reached skill level 8 in Spellcasting
  5413 | D:4      | Reached * piety under Vehumet
  5413 | D:4      | Offered knowledge of Foxfire by Vehumet.
  5416 | D:4      | Learned a level 1 spell: Foxfire
  5477 | D:4      | Found an ancient bone altar of Kikubaaqudgha.
  5481 | D:4      | Noticed a human
  5482 | D:4      | Killed a human
  5713 | D:5      | Entered Level 5 of the Dungeon
  5736 | D:5      | HP: 1/38 [poisoned by a water moccasin]
  6206 | D:5      | Found a runed translucent gate.
  6206 | D:5      | Found a runed translucent gate.
  6206 | D:5      | Found a runed translucent gate.
  6211 | D:5      | Noticed bilbop's ghost (novice MiFi)
  6213 | D:5      | Identified the +1 hunting sling of the Key {venom, rC-
                  | rCorr Str-4 Dex+8}
  6242 | D:5      | Reached XP level 8. HP: 44/44 MP: 19/22
  6271 | D:5      | Reached skill level 9 in Spellcasting
  6436 | D:5      | Found a broken altar of Ashenzari.
  6868 | D:5      | Killed bilbop's ghost
  6869 | D:5      | Reached skill level 5 in Conjurations
  7160 | D:6      | Reached skill level 10 in Spellcasting
  7163 | D:6      | Reached ** piety under Vehumet
  7163 | D:6      | Offered knowledge of Poisonous Vapours by Vehumet.
  7466 | D:6      | Reached XP level 9. HP: 47/48 MP: 19/25
  8067 | D:6      | HP: 2/48 [poisoned by a water moccasin]
  8360 | D:7      | Found a hazy altar of Hepliaklqana.
  8449 | D:7      | Reached skill level 11 in Spellcasting
  8540 | D:7      | Reached skill level 5 in Fire Magic
  8927 | D:7      | Found a shimmering blue altar of Sif Muna.
  9333 | D:7      | Found a glowing golden altar of the Shining One.
  9887 | D:8      | Found a sparkling altar of Nemelex Xobeh.
 10120 | D:8      | Offered knowledge of Inner Flame by Vehumet.
 10124 | D:8      | Reached skill level 12 in Spellcasting
 10484 | D:8      | Learned a level 1 spell: Apportation
 10914 | D:9      | Found a flagged portal.
 10923 | Bailey   | Entered a bailey
 10957 | Bailey   | Identified the +2 crystal plate armour "Visoytum" {Str+2}
 11116 | Bailey   | Reached skill level 1 in Shields
 11117 | Bailey   | Reached *** piety under Vehumet
 11245 | Bailey   | Reached XP level 10. HP: 56/56 MP: 18/28
 11333 | Bailey   | Identified the +5 ring mail of Fun and Games {Dex+4}
 11630 | D:9      | Offered knowledge of Hailstorm by Vehumet.
 12183 | D:9      | Reached skill level 13 in Spellcasting
 12196 | D:9      | Noticed a two-headed ogre
 12210 | D:9      | Killed a two-headed ogre
 12210 | D:9      | Reached **** piety under Vehumet
 12744 | D:10     | Entered Level 10 of the Dungeon
 12799 | D:10     | Noticed Maggie
 12860 | D:10     | Killed Maggie
 12953 | D:10     | Found an ornate altar of the Wu Jian Council.
 13071 | D:10     | Offered knowledge of Fireball by Vehumet.
 13080 | D:10     | Learned a level 5 spell: Fireball
 13316 | D:10     | Found a staircase to the Orcish Mines.
 13390 | D:10     | Noticed a five-headed hydra
 13399 | D:10     | Killed a five-headed hydra
 13400 | D:10     | Reached skill level 14 in Spellcasting
 13432 | D:10     | Noticed Grum
 13492 | D:10     | Killed Grum
 13493 | D:10     | Reached XP level 11. HP: 28/60 MP: 16/31
 14117 | D:10     | Found a shimmering altar of Xom.
 14456 | D:10     | Reached ***** piety under Vehumet
 14509 | D:10     | Offered knowledge of Orb of Destruction by Vehumet.
 14518 | D:10     | Learned a level 7 spell: Orb of Destruction
 15118 | D:11     | Noticed an eight-headed hydra
 15123 | D:11     | Killed an eight-headed hydra
 15124 | D:11     | Reached skill level 15 in Spellcasting
 15375 | D:11     | Found a staircase to the Lair.
 15496 | D:11     | Found Rexeyv Ynei's Magic Scroll Boutique.
 15504 | D:11     | Bought a scroll of identify for 28 gold pieces
 15504 | D:11     | Bought a scroll of magic mapping for 49 gold pieces
 15504 | D:11     | Bought a scroll of blinking for 105 gold pieces
 15509 | D:11     | Noticed a two-headed ogre
 15512 | D:11     | Killed a two-headed ogre
 15941 | D:12     | Found a gate leading to a gauntlet.
 15949 | Gauntlet | Entered a Gauntlet
 15949 | Gauntlet | Found a runed translucent door.
 15949 | Gauntlet | Found a transporter.
 15949 | Gauntlet | Found a runed translucent door.
 15949 | Gauntlet | Found a transporter.
 15949 | Gauntlet | Found a transporter.
 16032 | Gauntlet | Found a transporter.
 16033 | Gauntlet | Found a transporter.
 16036 | Gauntlet | Found a transporter.
 16042 | Gauntlet | Found a runed translucent gate.
 16043 | Gauntlet | Found a transporter.
 16044 | Gauntlet | Found a transporter.
 16045 | Gauntlet | Found a runed translucent gate.
 16046 | Gauntlet | Found a runed translucent gate.
 16046 | Gauntlet | Found a transporter.
 16047 | Gauntlet | Found a transporter.
 16052 | Gauntlet | Noticed a green death
 16055 | Gauntlet | Found a transporter.
 16056 | Gauntlet | Found a transporter.
 16387 | Gauntlet | Reached XP level 12. HP: 66/66 MP: 17/33
 16470 | Gauntlet | HP: 1/66 [poisoned by a green death (poison gas)]
 16474 | Gauntlet | Killed from afar by a green death

Illustrated notes

Levels and vault maps discovered:
D:1:      minmay_arrival_up_and_down, layout_loops_corners,
          shapermc_ecumenical_altar_notcrosses, serial_shops,
          nicolae_shop_statue_plus, minmay_pentomino_u4
D:2:      layout_loops_ring, nrook_campfire
D:3:      layout_basic, marbit_many_paths, uniq_ijyb
D:4:      layout_loops_ring, tgw_kikubaaqudgha, minmay_temple_entry_ruins,
          minmay_mini_ossuary, uniq_robin
D:5:      layout_cave_pools, lemuel_doored_altar, biasface_ghost_orc_armoury,
          minmay_liquid_box, minmay_misc_feat_alley, serial_bayou_lake_a
D:6:      layout_basic
D:7:      layout_basic, nicolae_overflow_hidden_temple, lemuel_crystal_altar,
          tso_oasis_becter
D:8:      layout_cave_pods, nemelex_diamond_rough_becter
D:9:      layout_stronghold, enter_bailey_2, kennysheep_generic_room_2
D:10:     layout_loops_ring, nzn_wu_jian_contemplation,
          lemuel_coloured_pillars_altar, erik_orc_3, hive_lemuel, uniq_maggie,
          uniq_grum
D:11:     layout_stronghold, minmay_lair_entry_grove, serial_shops, shop
D:12:     layout_basic, gammafunk_ghost_smash, gauntlet_entry_generic,
          minivault_19, minmay_misc_feat_room
Temple:   oiseaux_autumnal_temple
Gauntlet: minmay_gauntlet_mixed_big_or_small
          [nicolae_gauntlet_arena_flowing_pool,
          minmay_gauntlet_arena_77_cramped, gammafunk_gauntlet_arena_crates,
          minmay_gauntlet_arena_77_run_for_it, gammafunk_gauntlet_arena_grid,
          minmay_gauntlet_arena_77_double_cross, gauntlet_exit_hidden_loot]

Skill      XL: |  1  2  3  4  5  6  7  8  9 10 11 |
---------------+----------------------------------+-----
Spellcasting   | 5 6 7 8 10 12 14 15 | 15.8
Armour         | 1 2 3 |  3.4
Fighting       | 1 2 3 4 |  4.0
Conjurations   | 2 3 4 5 7 8 9 |  9.7
Fire Magic     | 1 2 4 6 7 9 |  9.0
Dodging        | 3 |  3.0
Stealth        | 3 |  3.0
Air Magic      | 1 |  1.0
Poison Magic   | 1 2 |  2.0
Evocations     | 1 2 |  2.0
Shields        | 1 3 4 |  4.0
Summonings     | |  1.1
Translocations | |  1.1

Action                   |  1- 3 |  4- 6 |  7- 9 | 10-12 || total
-------------------------+-------+-------+-------+-------++-------
Melee: Dagger            |    42 |    50 |   134 |   134 ||   360
 Cast: Magic Dart        |    74 |   104 |    52 |     1 ||   231
       Mephitic Cloud    |       |    10 |    22 |    36 ||    68
       Conjure Flame     |       |     3 |    15 |    26 ||    44
       Call Imp          |       |     1 |    12 |    11 ||    24
       Blink             |       |     1 |     6 |     4 ||    11
       Foxfire           |       |       |   172 |    82 ||   254
       Fireball          |       |       |       |    47 ||    47
Evoke: Wand              |       |       |       |     1 ||     1
  Use: Potion            |       |       |       |     2 ||     2
       Scroll            |       |       |       |     1 ||     1
 Stab: Confused          |       |     6 |     9 |    15 ||    30
       Sleeping          |       |     1 |       |       ||     1
       Distracted        |       |       |       |     1 ||     1
Armor: Robe              |    15 |     6 |       |       ||    21
       Leather armour    |       |     8 |    35 |       ||    43
       Steam dragon scal |       |       |    35 |    53 ||    88
Dodge: Dodged            |    27 |    35 |    69 |    76 ||   207
Block: Buckler           |       |       |       |    13 ||    13

Table legend: (Time is in decaauts)
 A = Elapsed time spent in this place.
 B = Non-inter-level travel time spent in this place.
 C = Inter-level travel time spent in this place.
 D = Time resting spent in this place.
 E = Time spent auto-exploring this place.
 F = Levels seen in this place.
 G = Mean time per level.
                   A        B        C        D        E       F      G
               +--------+--------+--------+--------+--------+-----+--------+
         Total |  16499 |  16081 |    418 |   1670 |  11578 |  15 | 1099.9 |
       Dungeon |  15330 |  14936 |    394 |   1491 |  10952 |  12 | 1277.5 |
        Temple |     39 |     15 |     24 |      0 |     13 |   1 |   39.0 |
        Bailey |    603 |    603 |      0 |     82 |    320 |   1 |  603.0 |
      Gauntlet |    524 |    524 |      0 |     97 |    293 |   1 |  524.0 |
               +--------+--------+--------+--------+--------+-----+--------+

Top non-repeatable levels by time:
    D:10: 2106 daAuts
     D:3: 1902 daAuts
     D:1: 1588 daAuts
     D:5: 1441 daAuts
     D:9: 1345 daAuts
     D:7: 1298 daAuts
     D:6: 1205 daAuts
     D:8: 1156 daAuts
     D:4: 1147 daAuts
    D:11: 1054 daAuts
     D:2: 1035 daAuts
  Bailey: 603 daAuts
Gauntlet: 524 daAuts
    D:12: 50 daAuts
  Temple: 39 daAuts
